 Dungeon Crawl Stone Soup version 0.28.0-49-g6dfe1f597d (webtiles) character file.

Game seed: 10290729422713049272

1029 Rusty3 the Shield-Bearer (level 8, -7/67 HPs)
             Began as a Gnoll Fighter on May 18, 2022.
             Mangled by a gnoll sergeant
             ... wielding a +0 trident of freezing
              (9 damage)
             ... while paralysed by a gnoll
             ... on level 6 of the Dungeon.
             The game lasted 00:31:03 (4275 turns).

Rusty3 the Shield-Bearer (Gnoll Fighter)            Turns: 4275, Time: 00:31:07

Health: -7/67      AC: 13    Str: 16    XL:     8   Next: 23%
Magic:  12/12      EV:  2    Int: 11    God:
Gold:   266        SH:  0    Dex: 18    Spells: 13/13 levels left

rFire   + . .      SeeInvis .   a - +0 trident
rCold   . . .      Faith    .   c - +0 buckler
rNeg    . . .      Spirit   .   E - +1 ring mail of Responsibility {rPois rF+ Int+4 Dex+4}
rPois   +          Reflect  .   j - +0 helmet
rElec   .          Harm     .   o - +2 cloak
rCorr   .          Rampage  .   (no gloves)
Will    .....                   m - +0 pair of boots
Stlth   ++........              h - amulet of regeneration
HPRegen 1.01/turn               (no ring)
MPRegen 0.13/turn               (no ring)

@: paralysed
A: fangs 1, strong nose, distributed training
a: no special abilities


You were on level 6 of the Dungeon.
You visited 1 branch of the dungeon, and saw 6 of its levels.

You collected 266 gold pieces.

Inventory:

Hand Weapons
 a - a +0 trident (weapon)
 n - a +0 hunting sling
 q - a +0 flail
 u - a +0 halberd
 C - a +0 quarterstaff
Missiles
 k - 3 curare-tipped darts (quivered)
 s - 48 arrows
 w - a throwing net
 y - 4 poisoned darts
 z - 37 bolts
Armour
 b - a +0 scale mail
 c - a +0 buckler (worn)
 i - a +0 ring mail
 j - a +0 helmet (worn)
 m - a +0 pair of boots (worn)
 o - a +2 cloak (worn)
 E - the +1 ring mail of Responsibility (worn) {rPois rF+ Int+4 Dex+4}
   (You found it on level 5 of the Dungeon)

   Int:       It affects your intelligence (+4).
   Dex:       It affects your dexterity (+4).
   rF:        It protects you from fire.
   rPois:     It protects you from poison.
Jewellery
 h - an amulet of regeneration (around neck)
Wands
 G - a wand of mindburst (12)
 H - a wand of digging (9)
Scrolls
 f - 4 scrolls of vulnerability
 t - a scroll of fog {unknown}
 v - 3 scrolls of enchant armour {unknown}
 x - a scroll of amnesia {unknown}
 B - a scroll of acquirement {unknown}
 D - a scroll of enchant weapon {unknown}
 F - a scroll of fear {unknown}
 I - a scroll of teleportation {unknown}
Potions
 d - 2 potions of might
 e - 2 potions of attraction
 g - a potion of berserk rage
 l - 2 potions of degeneration {unknown}
 p - a potion of lignification {unknown}
 r - 3 potions of mutation
 A - 2 potions of heal wounds {unknown}


   Skills:
 + Level 7.3 Fighting
 + Level 3.1 Short Blades
 + Level 3.1 Long Blades
 + Level 3.1 Axes
 + Level 3.1 Maces & Flails
 + Level 5.5 Polearms
 + Level 3.1 Staves
 + Level 3.1 Slings
 + Level 3.1 Bows
 + Level 3.1 Crossbows
 + Level 3.1 Throwing
 + Level 7.3 Armour
 + Level 3.1 Dodging
 + Level 3.1 Stealth
 + Level 7.3 Shields
 + Level 3.1 Unarmed Combat
 + Level 3.1 Spellcasting
 + Level 2.5 Conjurations
 + Level 2.5 Hexes
 + Level 2.5 Summonings
 + Level 2.5 Necromancy
 + Level 2.5 Translocations
 + Level 2.5 Transmutations
 + Level 2.5 Fire Magic
 + Level 2.5 Ice Magic
 + Level 2.5 Air Magic
 + Level 2.5 Earth Magic
 + Level 2.5 Poison Magic
 + Level 3.4 Invocations
 + Level 3.1 Evocations


You had 13 spell levels left.
You didn't know any spells.
Your spell library was empty.

Dungeon Overview and Level Annotations

Branches:
Dungeon (6/15)
 Temple: D:4-7

Altars:
Uskayaw

Shops:
D:2 (:[


Innate Abilities, Weirdness & Mutations

You have very sharp teeth.
Your uncanny sense of smell can sniff out nearby items.
Your experience applies equally to all skills.


Message History

The gnoll sergeant hits you from afar with a +0 trident of freezing.
The gnoll sergeant freezes you.
The gnoll hits you from afar with a +0 spear.
You can move again.
You block the gnoll sergeant's attack. You block the gnoll's attack.
The gnoll completely misses you. The gnoll hits you but does no damage.
There is an open door here.
You barely miss the gnoll sergeant. The gnoll sergeant barely misses you.
The gnoll misses you. The gnoll hits you with a +0 spear.
The gnoll hits you but does no damage.
The gnoll sergeant hits you with a +0 trident of freezing!
The gnoll sergeant freezes you.
You closely miss the gnoll. The gnoll hits you with a +0 whip.
You block the gnoll's attack.
The gnoll sergeant hits you with a +0 trident of freezing!
The gnoll sergeant freezes you.
You hit the gnoll. You bite the gnoll, but do no damage.
The gnoll is moderately wounded.
The gnoll barely misses you. The gnoll hits you with a +0 spear.
The gnoll hits you with a +0 whip. The gnoll sergeant misses you.
You closely miss the gnoll.
The gnoll is moderately wounded.
The gnoll zaps a wand.
You suddenly lose the ability to move!
The gnoll completely misses you. The gnoll hits you with a +0 whip.
The gnoll sergeant hits you with a +0 trident of freezing!
* * * LOW HITPOINT WARNING * * *
The gnoll sergeant freezes you.
* * * LOW HITPOINT WARNING * * *
The gnoll completely misses you.
The gnoll hits you but does no damage. x2
The gnoll sergeant hits you with a +0 trident of freezing.
* * * LOW HITPOINT WARNING * * *
The gnoll sergeant freezes you.
* * * LOW HITPOINT WARNING * * *
The gnoll hits you with a +0 whip.
* * * LOW HITPOINT WARNING * * *
The gnoll hits you with a +0 spear.
* * * LOW HITPOINT WARNING * * *
The gnoll hits you but does no damage.
The gnoll sergeant hits you with a +0 trident of freezing!
You die...

..#......#......#......#.....
..#......#...................
..#......#####..............
..###.....#.##..#......#..#
....#.....+..............#
....#.....#.......#..#...+
#####.....##.##.........##+######
.......#####.##g##...............
.......#..#.....@g...'.).........
.......'..#....g#g...#...........
.......##.############...........
###.....#.##...........#######'##
..#.....#..)...........# ∆ ...
..#..)..#..#...........# ..
..#.....#..#...........# .
..#.....#'##...........#
..#.....#..#.....#######


You could see a gnoll sergeant and 3 gnolls.

Vanquished Creatures
  A sky beast (D:5)
  A black bear (D:6)
  2 ice beasts
  An ogre (D:5)
  2 scorpions
  2 wyvern skeletons
  A howler monkey (D:6)
  A centaur skeleton (D:5)
  An orc priest (D:5)
  Natasha (thrice) (D:2)
  A howler monkey zombie (D:6)
  3 adders
  5 gnolls
  A white imp (D:5)
  An adder skeleton (D:5)
  A worm (D:2)
  2 dart slugs
  8 orcs
  5 endoplasms
  3 giant cockroaches
  5 goblins
  10 hobgoblins
  8 jackals
  7 kobolds
  5 quokkas
  4 ball pythons
  2 bats
  4 frilled lizards
  5 rats
95 creatures vanquished.

Notes
Turn   | Place    | Note
-------+----------+-------------------------------------------
     0 | D:1      | Rusty3 the Gnoll Fighter began the quest for the Orb.
     0 | D:1      | Reached XP level 1. HP: 23/23 MP: 1/1
    91 | D:1      | Found a faded altar of an unknown god.
   299 | D:1      | Reached XP level 2. HP: 29/29 MP: 2/2
   743 | D:2      | Reached XP level 3. HP: 35/35 MP: 3/3
   763 | D:2      | Noticed Natasha
   767 | D:2      | Killed Natasha
   768 | D:2      | Reached skill level 1 in Invocations
   805 | D:2      | Reached skill level 1 in Short Blades
   805 | D:2      | Reached skill level 1 in Long Blades
   805 | D:2      | Reached skill level 1 in Axes
   805 | D:2      | Reached skill level 1 in Maces & Flails
   805 | D:2      | Reached skill level 1 in Staves
   805 | D:2      | Reached skill level 1 in Slings
   805 | D:2      | Reached skill level 1 in Bows
   805 | D:2      | Reached skill level 1 in Crossbows
   805 | D:2      | Reached skill level 1 in Throwing
   805 | D:2      | Reached skill level 1 in Dodging
   805 | D:2      | Reached skill level 1 in Stealth
   805 | D:2      | Reached skill level 1 in Unarmed Combat
   805 | D:2      | Reached skill level 1 in Spellcasting
   805 | D:2      | Reached skill level 1 in Evocations
   882 | D:2      | Reached XP level 4. HP: 41/41 MP: 5/5
   882 | D:2      | Found Acudomiu's Armour Shoppe.
   958 | D:2      | Found Mouniock's Book Emporium.
   966 | D:2      | Noticed Natasha
   976 | D:2      | Killed Natasha
  1024 | D:2      | Noticed Natasha
  1048 | D:2      | Killed Natasha
  1049 | D:2      | Reached skill level 1 in Conjurations
  1049 | D:2      | Reached skill level 1 in Hexes
  1049 | D:2      | Reached skill level 1 in Summonings
  1049 | D:2      | Reached skill level 1 in Necromancy
  1049 | D:2      | Reached skill level 1 in Translocations
  1049 | D:2      | Reached skill level 1 in Transmutations
  1049 | D:2      | Reached skill level 1 in Fire Magic
  1049 | D:2      | Reached skill level 1 in Ice Magic
  1049 | D:2      | Reached skill level 1 in Air Magic
  1049 | D:2      | Reached skill level 1 in Earth Magic
  1049 | D:2      | Reached skill level 1 in Poison Magic
  1081 | D:2      | Reached XP level 5. HP: 47/47 MP: 6/6
  1332 | D:2      | Found Odeudes's Weapon Shoppe.
  1805 | D:3      | You fall into a shaft and drop 2 floors!
  1805 | D:5      | Entered Level 5 of the Dungeon
  1870 | D:5      | Reached XP level 6. HP: 36/53 MP: 8/8
  2553 | D:4      | Reached skill level 5 in Polearms
  3142 | D:5      | Found a hide-covered altar of Uskayaw.
  3212 | D:5      | Identified the +1 ring mail of Responsibility {rPois rF+
                  | Int+4 Dex+4}
  3268 | D:5      | Noticed an ice beast
  3286 | D:5      | Killed an ice beast
  3287 | D:5      | Reached XP level 7. HP: 59/59 MP: 10/10
  4044 | D:6      | Reached XP level 8. HP: 57/67 MP: 12/12
  4263 | D:6      | Paralysed by a gnoll for 6 turns
  4273 | D:6      | Paralysed by a gnoll for 3 turns
  4275 | D:6      | HP: 2/67 [gnoll/+0 spear (5)]
  4275 | D:6      | Mangled by a gnoll sergeant

Illustrated notes

Levels and vault maps discovered:
D:1:      heliophobic_arrival_dark_side_of_the_moon, layout_basic,
          basic_ecumenical_altar, serial_glass, glass_columns_a, glass_columns_a
D:2:      layout_loops_ring, serial_shops, nicolae_lakefront_shop,
          nicolae_square_shop, nicolae_shop_behind_doors, uniq_natasha
D:3:      layout_loops_cross
D:4:      minmay_opposing_rooms, layout_cave_pools, minmay_tree_intersection
D:5:      layout_layer_cave, nicolae_uskayaw_dance_hall,
          hangedman_decor_peaks_small
D:6:      layout_gridville, minmay_temple_entry_poolview, serial_shops, shop,
          fountainhead, minmay_misc_feat_plants

Skill      XL: |  1  2  3  4  5  6  7  8 |
---------------+-------------------------+-----
Invocations    | 1 2 3 |  3.4
Short Blades   | 1 2 3 |  3.1
Long Blades    | 1 2 3 |  3.1
Axes           | 1 2 3 |  3.1
Maces & Flails | 1 2 3 |  3.1
Staves         | 1 2 3 |  3.1
Slings         | 1 2 3 |  3.1
Bows           | 1 2 3 |  3.1
Crossbows      | 1 2 3 |  3.1
Throwing       | 1 2 3 |  3.1
Dodging        | 1 2 3 |  3.1
Stealth        | 1 2 3 |  3.1
Unarmed Combat | 1 2 3 |  3.1
Spellcasting   | 1 2 3 |  3.1
Evocations     | 1 2 3 |  3.1
Conjurations   | 1 2 |  2.5
Hexes          | 1 2 |  2.5
Summonings     | 1 2 |  2.5
Necromancy     | 1 2 |  2.5
Translocations | 1 2 |  2.5
Transmutations | 1 2 |  2.5
Fire Magic     | 1 2 |  2.5
Ice Magic      | 1 2 |  2.5
Air Magic      | 1 2 |  2.5
Earth Magic    | 1 2 |  2.5
Poison Magic   | 1 2 |  2.5
Polearms       | 5 |  5.5
Fighting       | 7 |  7.3
Armour         | 7 |  7.3
Shields        | 7 |  7.3

Action                   |  1- 3 |  4- 6 |  7- 9 || total
-------------------------+-------+-------+-------++-------
Melee: Trident           |    79 |   186 |   115 ||   380
       Bite              |     5 |    16 |    18 ||    39
  Use: Scroll            |     1 |     4 |       ||     5
 Stab: Sleeping          |       |     1 |       ||     1
       Distracted        |       |     1 |       ||     1
Armor: Scale mail        |    11 |       |       ||    11
       Ring mail         |    11 |    69 |    50 ||   130
Dodge: Dodged            |    27 |    99 |    51 ||   177
Block: Buckler           |    11 |    56 |    23 ||    90
